 Dungeon Crawl Stone Soup version 0.24-a0-201-gf205589 (webtiles) character file.

Game seed: 15280023177081917640

62 Ivan the Skirmisher (level 3, -2/30 HPs)
             Began as a Demonspawn Abyssal Knight on Mar 23, 2019.
             Was a Follower of Lugonu.
             Slain by a gnoll (5 damage)
             ... on level 3 of the Dungeon.
             The game lasted 00:04:24 (1424 turns).

Ivan the Skirmisher (Demonspawn Abyssal Knight)     Turns: 1424, Time: 00:04:24

Health: -2/30      AC:  3    Str: 13 (15) XL:     3   Next: 85%
Magic:  5/5        EV: 11    Int: 12 (13) God:    Lugonu [*.....]
Gold:   180        SH:  0    Dex: 10 (12) Spells: 2/2 levels left

rFire    . . .     SeeInvis .   a - +1 mace
rCold    . . .     Gourm    .   (no shield)
rNeg     . . .     Faith    .   b - +0 leather armour
rPois    .         Spirit   .   (no helmet)
rElec    .         Reflect  .   (no cloak)
rCorr    .         Harm     .   (no gloves)
MR       .....                  (no boots)
Stlth    +.........             (no amulet)
HPRegen  0.10/turn              (no ring)
MPRegen  0.09/turn              (no ring)

@: very slightly contaminated
A: blink, spiny 1, strong 1
a: Blink, Depart the Abyss, Renounce Religion


You were on level 3 of the Dungeon.
You worshipped Lugonu.
Lugonu was aware of your devotion.
You were hungry.

You visited 1 branch of the dungeon, and saw 3 of its levels.
You visited the Abyss 1 time.

You collected 180 gold pieces.

Inventory:

Hand Weapons
 a - a +1 mace (weapon)
Armour
 b - a +0 leather armour (worn)
Jewellery
 h - a cursed ring of teleportation {unknown}
Scrolls
 d - 2 scrolls of fear {unknown}
 e - 2 scrolls of identify {unknown}
 g - 3 scrolls of teleportation {unknown}
 j - a scroll of remove curse {unknown}
 n - a scroll of magic mapping {unknown}
Comestibles
 c - 3 rations


   Skills:
 + Level 3.9 Fighting
 + Level 2.3 Maces & Flails
 + Level 2.3 Armour
 + Level 1.0 Dodging
 + Level 0.2 Stealth
 + Level 2.8 Invocations


You had 2 spell levels left.
You didn't know any spells.
Your spell library was empty.

Dungeon Overview and Level Annotations

Branches:
Dungeon (3/15)

Altars:
Fedhas
Uskayaw
Yredelemnul


Innate Abilities, Weirdness & Mutations

You are partially covered in sharp spines.
You can translocate small distances at will.
Your muscles are strong. (Str +2)


Message History

You sock the gnoll!
You kill the gnoll!
Lugonu accepts your kill.
Your Dodging skill increases to level 1!
You barely miss the gnoll. The gnoll is struck by your spines.
The gnoll hits you.
* * * LOW HITPOINT WARNING * * *
The gnoll closely misses you.
It was a potion of degeneration.
There was something very wrong with that liquid.
You feel weakened.
You feel dopey.
You feel clumsy. The gnoll barely misses you.
It was a potion of mutation.
You feel extremely strange.
You feel stronger.
You feel jittery. The gnoll is struck by your spines.
The gnoll barely misses you.
You closely miss the gnoll.
The gnoll is lightly wounded.
You flicker back into view.
The gnoll hits you.
You die...

#.. #. #..# ##. #. #.!#
## #. #..# # ## #$ #..#
# ..##. ##..###.# # ...
...... #.###..###.#
#.@gg!.....# ###
#####..##### #.. #..#
#.# ######.(# #.#
#.g.(.g.# #.#
#.....#####.# #.#
...##.# #.# #.# . ...
#.# #.#
##..######.##########.#


You could see 2 gnolls.

Vanquished Creatures
  A gnoll (D:3)
  2 adders (D:2)
  2 dart slugs (D:1)
  2 leopard geckos
  A giant cockroach (D:2)
  4 goblins
  2 hobgoblins (D:2)
  2 jackals (D:1)
  4 kobolds
  A bat (D:3)
  A frilled lizard (D:2)
  7 rats
29 creatures vanquished.

Notes
Turn   | Place    | Note
-------+----------+-------------------------------------------
     0 | Abyss:1  | Ivan the Demonspawn Abyssal Knight began the quest for the
                  | Orb.
     0 | Abyss:1  | Reached XP level 1. HP: 18/18 MP: 2/2
    67 | Abyss:1  | Found a corrupted altar of Lugonu.
   131 | Abyss:1  | Found an opulent altar of Gozag.
   143 | Abyss:1  | Noticed a large abomination
   144 | D:1      | Escaped the Abyss
   211 | D:1      | Reached * piety under Lugonu
   248 | D:1      | Gained mutation: You are partially covered in sharp spines.
                  | [demonic ancestry]
   248 | D:1      | Reached XP level 2. HP: 20/24 MP: 4/4
   765 | D:2      | Reached XP level 3. HP: 15/30 MP: 5/5
   839 | D:2      | Found a basalt altar of Yredelemnul.
  1105 | D:2      | Found a hide-covered altar of Uskayaw.
  1260 | D:2      | Found a blossoming altar of Fedhas.
  1420 | D:3      | Reached skill level 1 in Dodging
  1423 | D:3      | Gained mutation: Your muscles are strong. (Str +2) [potion
                  | of mutation]
  1423 | D:3      | Gained mutation: You can translocate small distances at
                  | will. [potion of mutation]
  1424 | D:3      | Slain by a gnoll

Levels and vault maps discovered:
D:1:      dpeg_arrival_concentric_ovals, layout_basic, serial_bayou_pond_a
D:2:      layout_rooms, overflow_temple_1_default,
          lemuel_coloured_pillars_altar, yredelemnul_altar_generic
D:3:      layout_loops_ring
Abyss:1

Skill      XL: |  1  2  3 |
---------------+----------+-----
Armour         | 2 |  2.3
Maces & Flails | 2 |  2.3
Dodging        | 1 |  1.0
Fighting       | |  3.9
Stealth        | |  0.2
Invocations    | |  2.8

Action                   || total
-------------------------++-------
Melee: Mace              ||    59
Invok: Depart the Abyss  ||     1
  Use: Potion            ||     5
 Stab: Sleeping          ||     2
  Eat: Chunk             ||     1
Armor: Leather armour    ||     7
Dodge: Dodged            ||    39

Table legend:
 A = Non-vault XP
 B = Vault XP
 C = Vault XP percentage of total XP
 D = Non-vault monster count
 E = Vault monster count
 F = Vault count percentage of total count
                 A         B        C        D         E       F
            +---------+---------+-------+---------+---------+-------
      Total |      89 |       0 |   0.0 |      29 |       0 |   0.0
            +---------+---------+-------+---------+---------+-------
        D:1 |      25 |       0 |   0.0 |      12 |       0 |   0.0
        D:2 |      44 |       0 |   0.0 |      13 |       0 |   0.0
        D:3 |      20 |       0 |   0.0 |       4 |       0 |   0.0
            +---------+---------+-------+---------+---------+-------
